 Dungeon Crawl Stone Soup version 0.30.0-16-gbe6223bb7e (webtiles) character file.

Game seed: 8407202657682054458

58 Cheops the Cudgeller (level 3, -2/31 HPs)
             Began as a Minotaur Fighter on May 21, 2023.
             Slain by a gnoll
             ... wielding a +0 club
              (6 damage)
             ... on level 2 of the Dungeon.
             The game lasted 00:02:21 (814 turns).

Cheops the Cudgeller (Minotaur Fighter)              Turns: 814, Time: 00:02:22

Health: -2/31      AC:  6    Str: 19 (22) XL:     3   Next: 75%
Magic:  2/2        EV:  5    Int:  4 (5)  God:
Gold:   57         SH:  0    Dex:  6 (9)  Spells: 2/2 levels left

rFire   . . .        a - +0 flail
rCold   . . .        c - +0 buckler
rNeg    . . .        k - +0 scale mail
rPois   .            (helmet restricted)
rElec   .            (no cloak)
rCorr   .            (no gloves)
SInv    .            (no boots)
Will    .....        f - amulet of the acrobat Stlth
                     (no ring)
HPRegen 0.25/turn    (no ring)
MPRegen 0.08/turn

%: acrobat
@: brilliant, held
A: horns 2, retaliatory headbutt
a: no special abilities


You were on level 2 of the Dungeon.
You visited 1 branch of the dungeon, and saw 2 of its levels.

You collected 57 gold pieces.

Inventory:

Hand Weapons
 a - a +0 flail (weapon)
 b - a +1 heavy sling
Armour
 c - a +0 buckler (worn)
 k - a +0 scale mail (worn)
Jewellery
 f - an amulet of the acrobat (around neck)
Scrolls
 e - 3 scrolls of identify {unknown}
 h - a scroll of enchant armour {unknown}
 l - a scroll of silence {unknown}
Potions
 d - a potion of might
 j - a potion of resistance {unknown}


   Skills:
 - Level 3.6 Fighting
 + Level 5.0 Maces & Flails
 - Level 3.6 Armour
 - Level 3.6 Shields


You had 2 spell levels left.
You didn't know any spells.
Your spell library contained the following spells:

 Spells                   Type           Power      Damage    Failure   Level
 Magic Dart               Conj           0%         1d3       91%         1
 Searing Ray              Conj           0%         2d4       97%         2
 Fulminant Prism          Conj/Hex       0%         3d5       100%        4


Dungeon Overview and Level Annotations

Branches:
Dungeon (2/15)

Altars:


Innate Abilities, Weirdness & Mutations

You have a pair of horns on your head.
You reflexively headbutt those who attack you in melee.


Message History

The sling bullet closely misses the gnoll.
The gnoll shouts!
The kobold shouts!
The kobold throws a stone.
The stone barely misses you.
A gnoll comes into view. It is wielding a +0 spear.
You shoot a sling bullet.
The sling bullet closely misses the gnoll.
The gnoll shouts!
The sling bullet hits the gnoll but does no damage.
The kobold throws a stone.
The stone hits you but does no damage.
You shoot a sling bullet. The sling bullet hits the gnoll.
The gnoll is lightly wounded.
The gnoll hits you with a +0 whip. x2
You shoot a sling bullet. The sling bullet hits the gnoll.
The gnoll is moderately wounded.
The gnoll hits you with a +0 whip.
The gnoll throws a throwing net.
The throwing net hits you.
You become entangled in the net!
The gnoll hits you with a +0 club!
* * * LOW HITPOINT WARNING * * *
The gnoll hits you with a +0 club.
* * * LOW HITPOINT WARNING * * *
The gnoll hits you with a +0 whip.
* * * LOW HITPOINT WARNING * * *
The gnoll closely misses you. The kobold barely misses you.
You furiously retaliate!
You headbutt the kobold!
You kill the kobold!
You are too injured to fight recklessly!
a - a +0 flail (weapon)
The gnoll hits you from afar with a +0 spear.
* * * LOW HITPOINT WARNING * * *
The gnoll barely misses you. The gnoll hits you with a +0 club.
* * * LOW HITPOINT WARNING * * *
You are too injured to fight recklessly!
It was a potion of brilliance.
You feel clever all of a sudden.
The gnoll hits you but does no damage. x3
It was a potion of degeneration.
There was something very wrong with that liquid.
You feel weakened.
You feel dopey.
You feel clumsy. The gnoll hits you with a +0 club.
You die...

##.##.#....#....#......
#...............
#..#...........##
#..........# ...
#.##.......# ..#
#.###.....## ..#
#.###.....# ..#
#####.........###..##
...............g@...#
############....g)......
#..g.#...##.. #)...#...#
..).........
#.....##.#.##. ....†...
...# # ......## #...


You could see 3 gnolls.

Vanquished Creatures
  A gnoll (D:2)
  2 adders (D:2)
  4 ball pythons
  3 endoplasms (D:1)
  2 giant cockroaches (D:1)
  A goblin (D:1)
  A hobgoblin (D:1)
  5 jackals (D:2)
  2 bats
  A frilled lizard (D:1)
  4 kobolds
  2 rats
28 creatures vanquished.

Notes
Turn   | Place    | Note
-------+----------+-------------------------------------------
     0 | D:1      | Cheops the Minotaur Fighter began the quest for the Orb.
     0 | D:1      | Reached XP level 1. HP: 19/19 MP: 0/0
    66 | D:1      | You fall into a shaft and drop 1 floor!
   111 | D:2      | Reached skill level 3 in Maces & Flails
   111 | D:2      | Reached XP level 2. HP: 26/26 MP: 1/1
   177 | D:1      | Reached skill level 4 in Maces & Flails
   320 | D:1      | Reached XP level 3. HP: 31/31 MP: 2/2
   418 | D:1      | Found a faded altar of an unknown god.
   808 | D:2      | Reached skill level 5 in Maces & Flails
   814 | D:2      | Slain by a gnoll

Illustrated notes

Levels and vault maps discovered:
D:1:      lightli_arrival_maybe_door_vault, layout_rooms,
          shapermc_ecumenical_altar_mp_ritualfount
D:2:      layout_basic

Skill      XL: |  1  2  3 |
---------------+----------+-----
Maces & Flails | 3 4 5 |  5.0
Fighting       | |  3.6
Armour         | |  3.6
Shields        | |  3.6

Action                     || total
---------------------------++-------
  Melee: Flail             ||    53
         Headbutt          ||     4
   Fire: Sling             ||    14
    Use: Potion            ||     2
 Armour: Scale mail        ||    36
  Dodge: Dodged            ||    51
  Block: Buckler           ||    18
